 Dungeon Crawl Stone Soup version 0.28.0 (webtiles) character file.

Game seed: 5550795873399950877

2531 Dirian the Cleaver (level 9, 0/78 HPs)
             Began as a Hill Orc Fighter on Feb 14, 2022.
             Was a High Priest of Jiyva.
             Succumbed to a hornet's poison
             ... while paralysed by a hornet
             ... on level 9 of the Dungeon.
             The game lasted 00:12:39 (6432 turns).

Dirian the Cleaver (Hill Orc Fighter)               Turns: 6432, Time: 00:12:39

Health: 0/78       AC:  8    Str: 21    XL:     9   Next: 55%
Magic:  9/9        EV:  2    Int: 14    God:    Jiyva [*****.]
Gold:   359        SH:  0    Dex: 22    Spells: 8/8 levels left

rFire   . . .      SeeInvis .   a - +0 war axe
rCold   . . .      Faith    .   c - +0 buckler
rNeg    . . .      Spirit   .   f - +0 chain mail
rPois   .          Reflect  .   d - +0 helmet
rElec   .          Harm     .   (no cloak)
rCorr   +          Rampage  .   (no gloves)
Will    .....      Clarity  +   (no boots)
Stlth   ..........              j - amulet of the acrobat
HPRegen 1.67/turn               i - +6 ring of dexterity
MPRegen 0.56/turn               g - +6 ring of intelligence

@: paralysed, lethally poisoned (0 -> -3)
A: agile 2, clarity, acidic bite, gelatinous body 1, pseudopods 2, engulf
a: Renounce Religion, Oozemancy, Slimify


You were on level 9 of the Dungeon.
You worshipped Jiyva.
Jiyva was extremely pleased with you.
You visited 1 branch of the dungeon, and saw 10 of its levels.
You also visited: Ossuary.

You collected 359 gold pieces.

Inventory:

Hand Weapons
 a - a +0 war axe (weapon)
 e - a +0 hand crossbow
Missiles
 m - 23 bolts
Armour
 c - a +0 buckler (worn)
 d - a +0 helmet (worn)
 f - a +0 chain mail (worn)
Jewellery
 g - a +6 ring of intelligence (right hand)
 i - a +6 ring of dexterity (left hand)
 j - an amulet of the acrobat (around neck)
 k - a ring of flight
Wands
 v - a wand of digging (8)
Scrolls
 r - 2 scrolls of identify
 t - a scroll of teleportation
 z - a scroll of blinking
Potions
 h - 3 potions of haste
 l - a potion of cancellation
 n - 4 potions of resistance
 q - a potion of curing
 w - a potion of heal wounds


   Skills:
 + Level 6.9 Fighting
 * Level 9.4 Axes
 + Level 6.4 Armour
 - Level 5.0 Dodging
 + Level 6.3 Shields


You had 8 spell levels left.
You didn't know any spells.
Your spell library contained the following spells:

 Spells                   Type           Power      Damage    Failure   Level
 Foxfire                  Conj/Fire      0%         2x1d4     96%         1
 Conjure Flame            Conj/Fire      0%         6-21      100%        3
 Inner Flame              Hex/Fire       0%         N/A       100%        3
 Flame Wave               Conj/Fire      0%         2d4       100%        4
 Freezing Cloud           Conj/Ice/Air   0%         6-21      100%        5
 Simulacrum               Ice/Necr       0%         N/A       100%        6
 Polar Vortex             Ice            0%         N/A       100%        9


Dungeon Overview and Level Annotations

Branches:
Dungeon (10/15)            Temple (0/1) D:6         Ossuary (visited)
   Lair: D:8-11         Orc: D:9-12

Altars:
Ashenzari
Gozag
Makhleb
Okawaru
Xom
Zin
Jiyva

Shops:
D:1 *   D:4 =


Innate Abilities, Weirdness & Mutations

You are very agile. (Dex +4)
You possess an exceptional clarity of mind.
You have acidic saliva.
Your rubbery body absorbs attacks. (AC +1, EV +1)
Armour fits poorly on your large pseudopods.
Your melee attacks may engulf your foes in ooze.


Message History

The gnoll hits you from afar with a +0 spear.
The kobold brigand throws a poisoned dart.
The poisoned dart hits you!
You are more poisoned.
The gnoll shaman hits you but does no damage.
You slash the gnoll shaman!
You engulf the gnoll shaman in ooze!
The gnoll shaman is moderately wounded.
You slash the killer bee!
You kill the killer bee!
You feel very sick.
The gnoll shaman is asphyxiated!
The gnoll hits you from afar with a +0 spear.
The hornet stings you!
You are more poisoned.
You feel yourself slow down. You block the gnoll shaman's attack.
You closely miss the gnoll shaman. Your bludgeon misses the gnoll shaman.
The gnoll shaman is severely wounded.
You miss the hornet.
You feel yourself speed up.
You feel extremely sick.
The gnoll shaman is asphyxiated! x2
You kill the gnoll shaman!
The gnoll hits you but does no damage. The hornet stings you.
* * * LOW HITPOINT WARNING * * *
You suddenly lose the ability to move!
The gnoll hits you from afar with a +0 spear.
* * * LOW HITPOINT WARNING * * *
The hornet stings you but does no damage.
The gnoll hits you but does no damage.
A kobold comes into view. It is wielding a +0 whip.
The hornet stings you but does no damage.
* * * LOW HITPOINT WARNING * * *
You feel very sick.
The kobold shouts!
You hear a shout!
The gnoll hits you but does no damage. The hornet stings you.
* * * LOW HITPOINT WARNING * * *
You shrug off the repeated paralysis!
The gnoll hits you but does no damage. The gnoll hits you with a +0 flail.
* * * LOW HITPOINT WARNING * * *
You die...

....##...####......
...........>.......
....K........######
#............#
#..#.....†...#
.....K.......#
##.....###### .
#.###.# .... ##@#
.....##yg#
......g).#
.....#.......#
...........###
...........#
......#......
.........####.
...#..#..# .


You could see a hornet, a kobold brigand, 2 gnolls and a kobold.

Vanquished Creatures
  Edmund (D:6)
  2 water moccasins (D:6)
  An ice beast (D:6)
  A sky beast (D:7)
  A black bear (D:10)
  A necrophage (D:5)
  2 ogres
  A centaur (D:6)
  A phantom (D:6)
  A kobold brigand (D:10)
  A wyvern zombie (D:7)
  3 scorpions
  3 killer bees (D:9)
  3 wights (D:7)
  A howler monkey (D:9)
  A centaur zombie (D:8)
  2 crimson imps (D:5)
  A gnoll shaman (D:9)
  2 orc priests
  A bullfrog skeleton (D:5)
  An iguana (D:7)
  An orc wizard (D:4)
  2 killer bee zombies
  2 hound skeletons
  7 mummies (Ossuary)
  Robin (D:2)
  2 howler monkey skeletons
  7 gnolls
  7 adders
  2 shadow imps (D:7)
  A white imp (D:8)
  An adder skeleton (D:2)
  4 worms (D:2)
  4 dart slugs
  18 orcs
  3 ball pythons
  9 bats
  5 endoplasms
  A giant cockroach (D:2)
  18 goblins
  4 hobgoblins
  5 jackals
  A quokka (D:1)
  7 frilled lizards
  A gnoll zombie (Ossuary)
  3 hobgoblin zombies (Ossuary)
  11 kobolds
  2 kobold zombies (Ossuary)
  2 orc zombies (Ossuary)
  5 rats
167 creatures vanquished.

Vanquished Creatures (collateral kills)
  A steam dragon (D:9)
  2 killer bees (D:9)
  A gnoll (D:9)
4 creatures vanquished.

Vanquished Creatures (others)
  An ice beast (D:6)
  2 black bears
  A necrophage (D:7)
  A centaur (D:8)
  A scorpion (D:5)
  2 wights
  A howler monkey (D:5)
  2 crimson imps (D:5)
  12 jellies
  A gnoll shaman (D:4)
  2 hounds (D:5)
  2 orc wizards
  A mummy (Ossuary)
  3 gnolls
  2 adders
  An endoplasm (D:4)
  2 orcs (D:3)
  A hobgoblin (D:3)
  A quokka (D:3)
  26 fungi
  45 plants
110 creatures vanquished.

Grand Total: 281 creatures vanquished

Notes
Turn   | Place    | Note
-------+----------+-------------------------------------------
     0 | D:1      | Dirian the Hill Orc Fighter began the quest for the Orb.
     0 | D:1      | Reached XP level 1. HP: 19/19 MP: 1/1
    70 | D:1      | Found Musian's Assorted Antiques.
   284 | D:1      | Reached skill level 3 in Axes
   287 | D:1      | Reached XP level 2. HP: 17/27 MP: 2/2
   795 | D:1      | Reached XP level 3. HP: 33/33 MP: 3/3
  1758 | D:2      | Reached XP level 4. HP: 40/40 MP: 4/4
  1773 | D:2      | Noticed Robin
  1781 | D:2      | Reached skill level 4 in Axes
  1794 | D:2      | Killed Robin
  2261 | D:2      | Reached skill level 1 in Dodging
  2356 | D:2      | Reached XP level 5. HP: 47/47 MP: 5/5
  2898 | D:3      | Found a faded altar of an unknown god.
  2901 | D:3      | Prayed at the altar of an unknown god.
  2901 | D:3      | Became a worshipper of Jiyva Jodap the Shapeless
  2901 | D:3      | Reached * piety under Jiyva
  3294 | D:3      | Found a glowing silver altar of Zin.
  3454 | D:3      | Found a broken altar of Ashenzari.
  3598 | D:4      | Found Moitisk's Jewellery Shoppe.
  3614 | D:4      | Reached ** piety under Jiyva
  3917 | D:5      | Entered Level 5 of the Dungeon
  3977 | D:5      | Reached XP level 6. HP: 38/53 MP: 6/6
  4025 | D:5      | Reached skill level 5 in Axes
  4122 | D:5      | Reached *** piety under Jiyva
  4199 | D:5      | Found a shimmering altar of Xom.
  4254 | D:5      | Reached skill level 5 in Fighting
  4254 | D:5      | Reached XP level 7. HP: 50/61 MP: 7/7
  4260 | D:5      | Found a sand-covered staircase.
  4265 | Ossuary  | Entered an ossuary
  4506 | D:5      | Reached skill level 6 in Axes
  4547 | D:5      | Found a burning altar of Makhleb.
  4547 | D:5      | Gained mutation: You have acidic saliva. [Jiyva's grace]
  4547 | D:5      | Gained mutation: You are agile. (Dex +2) [Jiyva's grace]
  4547 | D:5      | Gained mutation: You are very agile. (Dex +4) [Jiyva's
                  | grace]
  4547 | D:5      | Gained mutation: Your rubbery body absorbs attacks. (AC +1,
                  | EV +1) [Jiyva's grace]
  4680 | D:5      | Reached skill level 5 in Shields
  4922 | D:6      | Noticed Edmund
  4939 | D:6      | Killed Edmund
  4940 | D:6      | Reached skill level 5 in Armour
  4940 | D:6      | Reached XP level 8. HP: 66/69 MP: 8/8
  4954 | D:6      | Reached skill level 7 in Axes
  5015 | D:6      | Found an opulent altar of Gozag.
  5077 | D:6      | Found a staircase to the Ecumenical Temple.
  5248 | D:6      | Reached **** piety under Jiyva
  5536 | D:7      | Reached skill level 8 in Axes
  5632 | D:7      | Reached XP level 9. HP: 64/75 MP: 9/9
  5985 | D:7      | Reached ***** piety under Jiyva
  6208 | D:8      | You fall into a shaft and drop 2 floors!
  6208 | D:10     | Entered Level 10 of the Dungeon
  6213 | D:10     | Gained mutation: Your melee attacks may engulf your foes in
                  | ooze. [Jiyva's grace]
  6213 | D:10     | Gained mutation: You possess an exceptional clarity of
                  | mind. [Jiyva's grace]
  6213 | D:10     | Gained mutation: Armour fits poorly on your pseudopods.
                  | [Jiyva's grace]
  6213 | D:10     | Gained mutation: Armour fits poorly on your large
                  | pseudopods. [Jiyva's grace]
  6219 | D:10     | Found an iron altar of Okawaru.
  6414 | D:9      | Reached skill level 9 in Axes
  6414 | D:9      | Reached skill level 5 in Dodging
  6422 | D:9      | Noticed a hornet
  6430 | D:9      | Paralysed by a hornet for 3 turns
  6431 | D:9      | HP: 3/78 [hornet (3)]
  6432 | D:9      | Succumbed to a hornet's poison

Illustrated notes

Levels and vault maps discovered:
D:1:      wander_arrival_estate, layout_loops_corners, serial_shops,
          nicolae_shop_statue_plus, serial_aquarium, aquarium_bridge_straight
          [aquarium_subvault_bridge, aquarium_subvault_balcony,
          aquarium_subvault_bridge, aquarium_subvault_balcony],
          aquarium_window_1, aquarium_window_fake, aquarium_view_2c,
          aquarium_view_2a, aquarium_balcony_3b, aquarium_pool_side
D:2:      layout_loops_corners, dk_vineyard_1, minmay_divided_ellipse,
          uniq_robin
D:3:      layout_loops_ring, nicolae_ashenzari_skybound,
          mainiacjoe_overflow_brackets,
          shapermc_ecumenical_altar_mp_urbaneastern, solitary_fountain
D:4:      layout_gridville, serial_shops, shop
D:5:      layout_loops_ring, makhleb_blood_cavern_becter, led_xom_imps,
          enter_ossuary_2
D:6:      layout_rooms, lemuel_round_altar, temple_pool_b, minivault_23,
          uniq_edmund
D:7:      layout_gridville
D:8:      layout_rooms, gammafunk_temple_overflow_wave, serial_curves,
          eino_curves_03, eino_curves_04
D:9:      layout_rooms
D:10:     layout_basic, okawaru_gym_becter, due_lair_maze_entry_diamond,
          serial_co_window_serial, co_window_of_opportunity_a,
          co_window_paths_a, co_window_paths_a, co_window_corner_a,
          co_window_of_opportunity_a, co_window_corner_ca, co_window_broadway_b,
          co_window_corner_b, co_window_sun, co_window_4corner_a

Skill      XL: |  1  2  3  4  5  6  7  8  9 |
---------------+----------------------------+-----
Axes           | 3 4 5 6 8 9 |  9.4
Fighting       | 4 5 6 |  6.9
Dodging        | 1 2 3 4 5 |  5.0
Shields        | 4 5 6 |  6.3
Armour         | 4 5 6 |  6.4

Action                   |  1- 3 |  4- 6 |  7- 9 || total
-------------------------+-------+-------+-------++-------
Melee: War axe           |    85 |   174 |   288 ||   547
       Bite              |       |       |    34 ||    34
       Pseudopods        |       |       |     7 ||     7
  Use: Scroll            |       |     7 |     3 ||    10
       Potion            |       |       |     6 ||     6
Armor: Scale mail        |    33 |    34 |       ||    67
       Chain mail        |       |    42 |   150 ||   192
Dodge: Dodged            |    32 |    60 |   139 ||   231
Block: Buckler           |    17 |    52 |    88 ||   157
